 Dungeon Crawl Stone Soup version 0.27-a0-836-gfc908b8576 (webtiles) character file.

Game seed: 17108418906766249806

1153 HendSelp the Sharpshooter (level 8, -1/44 HPs)
             Began as a Kobold Hunter on Mar 31, 2021.
             Slain by an ice beast (13 damage)
             ... on level 5 of the Dungeon.
             The game lasted 00:05:19 (6150 turns).

HendSelp the Sharpshooter (Kobold Hunter)           Turns: 6150, Time: 00:05:19

Health: -1/44      AC:  4    Str: 10    XL:     8   Next: 65%
Magic:  8/8        EV: 14    Int: 12    God:
Gold:   218        SH:  0    Dex: 17    Spells: 7/7 levels left

rFire    + . .     SeeInvis .   a - +1 hand crossbow (vorpal)
rCold    . . .     Faith    .   (shield restricted)
rNeg     . . .     Spirit   .   c - +0 leather armour
rPois    .         Reflect  .   (no helmet)
rElec    .         Harm     .   (no cloak)
rCorr    .         Rampage  .   n - +0 pair of gloves
Will     .....                  (no boots)
Stlth    +++.......             (no amulet)
HPRegen  0.14/turn              h - ring of wizardry
MPRegen  0.11/turn              f - ring of protection from fire

@: lethally poisoned (-1 -> -5), studying Crossbows
A: small, no large weapons, nightstalker 3
a: no special abilities


You were on level 5 of the Dungeon.
You visited 2 branches of the dungeon, and saw 6 of its levels.
You also visited: Sewer.

You collected 218 gold pieces.

Inventory:

Hand Weapons
 a - a +1 vorpal hand crossbow (weapon)
 b - a +0 short sword
Missiles
 d - 15 bolts (quivered ammo)
Armour
 c - a +0 leather armour (worn)
 n - a +0 pair of gloves (worn)
Jewellery
 f - a ring of protection from fire (right hand)
 h - a ring of wizardry (left hand)
 t - an amulet of magic regeneration
Wands
 l - a wand of random effects (18)
 m - a wand of acid (8)
 s - a wand of digging (1)
Scrolls
 j - 5 scrolls of teleportation
 p - 4 scrolls of magic mapping
 r - 4 scrolls of fog
 u - a scroll of identify
Potions
 e - 3 potions of curing
 g - 2 potions of haste
 i - a potion of might
 k - a potion of attraction {unknown}
 o - 3 potions of heal wounds {unknown}
 q - 2 potions of magic {unknown}


   Skills:
 - Level 2.1 Fighting
 + Level 15.2 Crossbows
 - Level 2.4 Dodging
 - Level 1.3 Stealth


You had 7 spell levels left.
You didn't know any spells.
Your spell library contained the following spells:

 Spells                   Type           Power      Damage    Failure   Level
 Animate Skeleton         Necr           0%         N/A       17%         1
 Pain                     Necr           0%         1d4       17%         1
 Confusing Touch          Hex            0%         N/A       45%         3
 Gell's Gravitas          Tloc           0%         N/A       45%         3
 Vampiric Draining        Necr           0%         2d6       45%         3
 Animate Dead             Necr           0%         N/A       85%         4
 Petrify                  Tmut/Erth      0%         N/A       85%         4
 Agony                    Necr           0%         N/A       99%         5
 Metabolic Englaciation   Hex/Ice        0%         N/A       99%         5
 Yara's Violent Unravell  Hex/Tmut       0%         3d3       99%         5


Dungeon Overview and Level Annotations

Branches:
Dungeon (5/15)             Temple (1/1) D:4           Sewer (visited)

Altars:
Ashenzari
Dithmenos
Elyvilon
Gozag
Kikubaaqudgha
Makhleb
Nemelex Xobeh
Sif Muna
Uskayaw
Vehumet
Wu Jian
Xom
The Shining One
Lugonu


Innate Abilities, Weirdness & Mutations

You are small and have problems with some larger weapons.
You are completely attuned to the shadows.


Message History

Unknown command.
There are monsters nearby!
Unknown command.
You are too injured to fight recklessly!
There are monsters nearby!
Fire: 20 bolts
Press: ? - help, Q - select action, (/) - cycle Shift-Dir - straight line, f - ice beast
Aim: an ice beast (71% to hit)
You shoot a bolt. The bolt hits the ice beast!
The ice beast is moderately wounded.
You feel sick. The orc closely misses you.
The ice beast hits you but does no damage.
Fire: 19 bolts
Press: ? - help, Q - select action, (/) - cycle Shift-Dir - straight line, f/p - ice beast
Aim: an ice beast (moderately wounded, 71% to hit)
You shoot a bolt. The bolt closely misses the ice beast.
You feel sick. The orc hits you with a +0 club.
The ice beast barely misses you.
Unknown command.
Fire: 18 bolts
Press: ? - help, Q - select action, (/) - cycle Shift-Dir - straight line, f/p - ice beast
Aim: an ice beast (moderately wounded, 71% to hit)
You shoot a bolt. The bolt hits the ice beast!
The ice beast is severely wounded.
You feel sick. The orc hits you but does no damage.
The ice beast completely misses you.
Fire: 17 bolts
Press: ? - help, Q - select action, (/) - cycle Shift-Dir - straight line, f/p - ice beast
Aim: an ice beast (severely wounded, 71% to hit)
You shoot a bolt. The bolt hits the ice beast.
The ice beast is almost dead.
You feel sick. The orc misses you. The ice beast barely misses you.
Fire: 16 bolts
Press: ? - help, Q - select action, (/) - cycle Shift-Dir - straight line, f/p - ice beast
Aim: an ice beast (almost dead, 71% to hit)
You shoot a bolt. The bolt closely misses the ice beast.
You feel sick. The orc closely misses you. The ice beast hits you.
* * * LOW HITPOINT WARNING * * *
The ice beast freezes you!
You die...

##.#.# ##.
.....####>.
......##...
.........#. ..(
..(........
##..?.......####.
#...>.......# ##.
####Y..........# #..
.#
#.o@.......[..####..
#.#
#(#(................
##..#
.(..(...........####.
...#
...(##).........###..
)#####. ###
#..........##..#
))<....
#..........##.##
)#####.
##........###.# .#
##......## #.# .#
#....).## #.##


You could see an ice beast and an orc.

Vanquished Creatures
  Prince Ribbit (D:5)
  Edmund (D:5)
  A water moccasin (D:5)
  A necrophage (D:5)
  An ogre (D:4)
  2 bullfrogs (Sewer)
  A scorpion (D:4)
  A hound (D:3)
  An orc priest (D:5)
  A centaur skeleton (D:5)
  2 iguanas
  2 orc wizards (D:5)
  4 adders
  6 river rats (Sewer)
  A worm (D:2)
  3 dart slugs
  7 orcs
  17 ball pythons
  15 endoplasms
  5 giant cockroaches
  7 goblins
  A hobgoblin (D:1)
  6 quokkas
  4 bats
  2 frilled lizards
  8 kobolds
  27 rats
128 creatures vanquished.

Vanquished Creatures (others)
  4 plants (D:4)
4 creatures vanquished.

Grand Total: 132 creatures vanquished

Notes
Turn   | Place    | Note
-------+----------+-------------------------------------------
     0 | D:1      | HendSelp the Kobold Hunter began the quest for the Orb.
     0 | D:1      | Reached XP level 1. HP: 12/12 MP: 1/1
    45 | D:1      | Reached skill level 5 in Crossbows
   234 | D:1      | Reached XP level 2. HP: 17/17 MP: 2/2
   585 | D:1      | Found a broken altar of Ashenzari.
   630 | D:1      | Reached XP level 3. HP: 21/21 MP: 3/3
   801 | D:1      | Reached skill level 6 in Crossbows
  1670 | D:2      | Reached XP level 4. HP: 26/26 MP: 4/4
  2034 | D:3      | Found a sparkling altar of Nemelex Xobeh.
  2321 | D:3      | Found a burning altar of Makhleb.
  2344 | D:3      | Reached skill level 7 in Crossbows
  2660 | D:3      | Found a faded altar of an unknown god.
  2903 | D:3      | Reached XP level 5. HP: 29/30 MP: 5/5
  3496 | D:4      | Identified a scroll of acquirement
  3496 | D:4      | Acquired a manual of Crossbows
  3712 | D:4      | Found a staircase to the Ecumenical Temple.
  3781 | D:4      | Reached skill level 9 in Crossbows
  3781 | D:4      | Reached XP level 6. HP: 20/35 MP: 6/6
  4149 | D:4      | Found an ancient bone altar of Kikubaaqudgha.
  4334 | D:4      | Noticed an ogre
  4338 | D:4      | Killed an ogre
  4339 | D:4      | Reached skill level 10 in Crossbows
  4450 | Temple   | Entered the Ecumenical Temple
  4542 | D:5      | Entered Level 5 of the Dungeon
  4691 | D:5      | Found a glowing drain.
  4703 | Sewer    | Entered a sewer
  4904 | Sewer    | Reached XP level 7. HP: 40/40 MP: 7/7
  4910 | Sewer    | Reached skill level 11 in Crossbows
  5338 | Sewer    | Reached skill level 12 in Crossbows
  5340 | Sewer    | HP: 2/40 [bullfrog (7)]
  5565 | D:5      | Found an opulent altar of Gozag.
  5614 | D:5      | Noticed Edmund
  5622 | D:5      | Killed Edmund
  5623 | D:5      | Reached skill level 13 in Crossbows
  5623 | D:5      | Reached XP level 8. HP: 20/44 MP: 8/8
  5922 | D:5      | Noticed Prince Ribbit
  5936 | D:5      | Killed Prince Ribbit
  5937 | D:5      | Reached skill level 14 in Crossbows
  6010 | D:5      | Found a glowing golden altar of the Shining One.
  6146 | D:5      | Reached skill level 15 in Crossbows
  6150 | D:5      | Slain by an ice beast

Illustrated notes

Levels and vault maps discovered:
D:1:      dpeg_arrival_prison, layout_loops_ring, evilmike_ruin_ashenzari
D:2:      layout_loops_corners, minmay_misc_feat_doors
D:3:      layout_basic, makhleb_heckhound_becter, lemuel_crystal_altar,
          chequers_ecumenical_altar_simple
D:4:      layout_loops_ring, old_standard_altar,
          minmay_temple_entry_gardened_gates
D:5:      layout_rooms, pdpol_temple_overflow_zin_treasury_gozag_greed,
          tso_metal_star, portal_sewer_entry_f, serial_shops, shop, uniq_edmund,
          uniq_prince_ribbit1, uniq_grinder
Temple:   corrupted_temple

Skill      XL: |  1  2  3  4  5  6  7  8 |
---------------+-------------------------+-----
Crossbows      | 5 6 7 9 10 13 15 | 15.2
Fighting       | |  2.1
Dodging        | |  2.4
Stealth        | |  1.3

Action                   |  1- 3 |  4- 6 |  7- 9 || total
-------------------------+-------+-------+-------++-------
Melee: Short sword       |       |    55 |       ||    55
 Fire: Hand crossbow     |    77 |    60 |   133 ||   270
  Use: Scroll            |     5 |     7 |     2 ||    14
       Potion            |       |       |     3 ||     3
 Stab: Sleeping          |       |     5 |       ||     5
Armor: Leather armour    |     1 |     8 |    19 ||    28
Dodge: Dodged            |    17 |    61 |    86 ||   164

Table legend: (Time is in decaauts)
 A = Elapsed time spent in this place.
 B = Non-inter-level travel time spent in this place.
 C = Inter-level travel time spent in this place.
 D = Time resting spent in this place.
 E = Time spent auto-exploring this place.
 F = Levels seen in this place.
 G = Mean time per level.
                   A        B        C        D        E       F      G
               +--------+--------+--------+--------+--------+-----+--------+
         Total |   6215 |   6083 |    132 |    393 |   4972 |   7 |  887.9 |
       Dungeon |   5374 |   5246 |    128 |    393 |   4372 |   5 | 1074.8 |
        Temple |     65 |     61 |      4 |      0 |     27 |   1 |   65.0 |
         Sewer |    775 |    775 |      0 |      0 |    572 |   1 |  775.0 |
               +--------+--------+--------+--------+--------+-----+--------+

Top non-repeatable levels by time:
     D:3: 1433 daAuts
     D:4: 1077 daAuts
     D:2: 1041 daAuts
     D:1: 947 daAuts
     D:5: 875 daAuts
   Sewer: 775 daAuts
  Temple: 65 daAuts
